 Dungeon Crawl Stone Soup version 0.30-a0-883-g5ad918d77d (webtiles) character file.

Game seed: 5495637108744178866

277 Zenkrye the Skirmisher (level 6, 0/34 HPs)
             Began as a Kobold Hexslinger on Mar 16, 2023.
             Slain by an iguana (12 damage)
             ... on level 4 of the Dungeon.
             The game lasted 00:08:25 (3307 turns).

Zenkrye the Skirmisher (Kobold Hexslinger)          Turns: 3307, Time: 00:08:26

Health: 0/34       AC:  3    Str:  7    XL:     6   Next: 50%
Magic:  5/7        EV: 14    Int: 15    God:
Gold:   127        SH:  0    Dex: 17    Spells: 4/7 levels left

rFire   . . .      SeeInvis .    a - +2 sling (freeze)
rCold   . . .      Faith    .    (no shield)
rNeg    . . .      Spirit   .    o - +0 leather armour
rPois   .          Reflect  .    (no helmet)
rElec   .          Rampage  .    (no cloak)
rCorr   .                        (no gloves)
Will    .....                    (no boots)
Stlth   ++                       j - amulet of regeneration
HPRegen 1.05/turn                (no ring)
MPRegen 0.10/turn                (no ring)

@: very slightly contaminated
A: small, no large weapons, nightstalker 3
a: no special abilities


You were on level 4 of the Dungeon.
You visited 1 branch of the dungeon, and saw 4 of its levels.

You collected 127 gold pieces.

Inventory:

Hand Weapons
 a - a +2 sling of freezing (weapon)
 t - a +2 dagger of venom
 v - the +7 flail of Righteous Anger {speed, rPois rC- Str+3 Int+2}
   (You found it on level 4 of the Dungeon)

   Str:       It affects your strength (+3).
   Int:       It affects your intelligence (+2).
   rC:        It makes you vulnerable to cold.
   rPois:     It protects you from poison.
Missiles
 e - 5 boomerangs
 q - 5 silver boomerangs
 w - a throwing net {!f}
Armour
 c - a +1 robe
 f - a +0 scale mail
 o - a +0 leather armour (worn)
Magical Staves
 x - a staff of poison
Jewellery
 j - an amulet of regeneration (around neck)
Scrolls
 b - a scroll of poison
 g - a scroll of amnesia
 i - 2 scrolls of identify {@r1}
 s - a scroll of teleportation {@r3}
Potions
 d - 2 potions of lignification
 h - 3 potions of heal wounds {@q2}
 k - a potion of attraction {unknown}
 l - 2 potions of ambrosia {unknown}
 m - a potion of resistance {unknown}
 n - a potion of brilliance {unknown}
 p - a potion of haste {unknown}
 r - a potion of berserk rage {unknown}
 u - a potion of curing {unknown}
 z - a potion of cancellation {unknown}


   Skills:
 - Level 1.1 Fighting
 + Level 8.4 Ranged Weapons
 - Level 2.4 Dodging
 - Level 1.1 Spellcasting
 - Level 3.0 Hexes


You had 4 spell levels left.
You knew the following spells:

 Your Spells              Type           Power      Damage    Failure   Level
a - Slow                  Hex            36%        N/A       11%         1
b - Blink                 Tloc           0%         N/A       50%         2

Your spell library contained the following spells:

 Spells                   Type           Power      Damage    Failure   Level
 Cigotuvi's Dreadful Rot  Necr/Pois/Air  0%         N/A       50%         2
 Lesser Beckoning         Tloc           0%         N/A       50%         2
 Momentum Strike          Conj/Tloc      0%         3d8       50%         2
 Poisonous Vapours        Pois/Air       0%         N/A       50%         2
 Inner Flame              Hex/Fire       5%         N/A       52%         3
 Portal Projectile        Hex/Tloc       10%        N/A       52%         3
 Cause Fear               Hex            4%         N/A       71%         4
 Mephitic Cloud           Conj/Pois/Air  0%         N/A       73%         3
 Ozocubu's Armour         Ice            0%         N/A       73%         3
 Ozocubu's Refrigeration  Ice            0%         4d7       100%        7


Dungeon Overview and Level Annotations

Branches:
Dungeon (4/15)
 Temple: D:4-7

Altars:


Innate Abilities, Weirdness & Mutations

You are small and have problems with some larger weapons.
You are completely attuned to the shadows.


Message History

You shoot a sling bullet. The sling bullet hits the iguana.
The iguana seems to slow down.
The sling bullet freezes the iguana.
The iguana is almost dead.
The iguana misses you.
You shoot a sling bullet.
The sling bullet hits the iguana but does no damage.
The iguana is almost dead.
You shoot a sling bullet.
The sling bullet closely misses the iguana.
The iguana bites you!
You shoot a sling bullet.
The sling bullet barely misses the iguana.
The iguana bites you!
You are too injured to fight recklessly!
You are too injured to fight recklessly!
Casting: Slow (safe; 11% risk of failure)
Confirm with . or Enter, or press ? or * to list all spells.
Aiming: Slow (safe; 11% risk of failure)
Press: ? - help, Shift-Dir - straight line, f/p - iguana
Aim: an iguana (almost dead, slow, chance to affect: 51%)
The iguana seems to slow down.
You are too injured to fight recklessly!
You are too injured to fight recklessly!
You are too injured to fight recklessly!
Aiming: Slow (safe; 11% risk of failure)
Press: ? - help, Q - select action, (/) - cycle Shift-Dir - straight line, f/p - iguana
Aim: an iguana (almost dead, slow, chance to affect: 51%)
You miscast Slow.
You are very lightly contaminated with residual magic.
Nothing appears to happen.
The iguana misses you.
You shoot a sling bullet.
The sling bullet hits the iguana but does no damage.
The iguana is almost dead.
The iguana bites you!
You shoot a sling bullet. The sling bullet hits the iguana.
The sling bullet freezes the iguana.
The iguana is almost dead.
The iguana bites you!
You die...

~≈≈~#
............##.#
≈≈~~#
####.#########.#
≈≈~## #.# #.#
≈~~# ###.### #.#
≈~## #.....# ~~#
#.....# ~##
#.....# ##
#.....# #
#@....#
....l#####
####.# #.# ...


You could see an iguana (slow).

Vanquished Creatures
  A phantom (D:3)
  A jelly (D:4)
  Jessica (D:3)
  An orc wizard (D:3)
  2 adders
  A worm (D:1)
  4 orcs (D:3)
  6 ball pythons
  8 bats
  10 endoplasms
  7 giant cockroaches (D:1)
  8 hobgoblins
  12 jackals
  3 quokkas
  4 frilled lizards
  6 goblins
  4 kobolds
  11 rats
90 creatures vanquished.

Vanquished Creatures (others)
  A plant (D:4)
1 creature vanquished.

Grand Total: 91 creatures vanquished

Notes
Turn   | Place    | Note
-------+----------+-------------------------------------------
     0 | D:1      | Zenkrye the Kobold Hexslinger began the quest for the Orb.
     0 | D:1      | Reached XP level 1. HP: 12/12 MP: 2/2
     1 | D:1      | Found a runed translucent door.
    50 | D:1      | Reached skill level 3 in Ranged Weapons
   188 | D:1      | Reached XP level 2. HP: 16/16 MP: 3/3
   249 | D:1      | Reached skill level 4 in Ranged Weapons
   343 | D:1      | Reached XP level 3. HP: 15/20 MP: 2/4
   376 | D:1      | Learned a level 2 spell: Blink
   578 | D:1      | Found a faded altar of an unknown god.
   749 | D:2      | Reached skill level 5 in Ranged Weapons
   824 | D:2      | Reached XP level 4. HP: 25/25 MP: 5/5
  1759 | D:3      | Reached skill level 6 in Ranged Weapons
  1759 | D:3      | Reached XP level 5. HP: 25/29 MP: 6/6
  1884 | D:3      | Noticed Jessica
  1893 | D:3      | Killed Jessica
  2364 | D:3      | Noticed a phantom
  2652 | D:1      | Reached skill level 7 in Ranged Weapons
  2751 | D:3      | Killed a phantom
  2752 | D:3      | Reached skill level 8 in Ranged Weapons
  2752 | D:3      | Reached XP level 6. HP: 24/34 MP: 4/7
  3184 | D:4      | Identified the +7 flail of Righteous Anger {speed, rPois
                  | rC- Str+3 Int+2}
  3307 | D:4      | Slain by an iguana

Illustrated notes

Levels and vault maps discovered:
D:1:      dpeg_arrival_caged_fury, layout_basic,
          hellmonk_ecumenical_altar_heavens_door
D:2:      cheibrodos_helix_gallery, layout_basic
D:3:      layout_basic, uniq_jessica
D:4:      wander_river, layout_loops_cross, corexii_shack

Skill      XL: |  1  2  3  4  5 |
---------------+----------------+-----
Ranged Weapons | 3 4 5 6 8 |  8.4
Fighting       | |  1.1
Dodging        | |  2.4
Spellcasting   | |  1.1
Hexes          | |  3.0

Action                     |  1- 3 |  4- 6 || total
---------------------------+-------+-------++-------
  Melee: Sling             |       |     2 ||     2
   Fire: Sling             |   109 |   173 ||   282
   Cast: Slow              |     3 |     8 ||    11
    Use: Scroll            |     4 |     5 ||     9
 Armour: Robe              |    20 |     3 ||    23
         Leather armour    |       |    26 ||    26
  Dodge: Dodged            |    68 |    98 ||   166

Table legend: (Time is in decaauts)
 A = Elapsed time spent in this place.
 B = Non-inter-level travel time spent in this place.
 C = Inter-level travel time spent in this place.
 D = Time resting spent in this place.
 E = Time spent auto-exploring this place.
 F = Levels seen in this place.
 G = Mean time per level.
                   A        B        C        D        E       F      G
               +--------+--------+--------+--------+--------+-----+--------+
         Total |   3382 |   3288 |     94 |     24 |   2610 |   4 |  845.5 |
       Dungeon |   3382 |   3288 |     94 |     24 |   2610 |   4 |  845.5 |
               +--------+--------+--------+--------+--------+-----+--------+

Top non-repeatable levels by time:
     D:3: 1168 daAuts
     D:2: 891 daAuts
     D:1: 860 daAuts
     D:4: 462 daAuts
